NYP
STATEN ISLAND YANKEES @ MAHONING VALLEY SCRAPPERS
04/28/2044
 
TOP OF THE 1ST
Staten Island Yankees batting - Pitching for Mahoning Valley Scrappers : RHP Paul Lewis
Pitching: RHP Paul Lewis
Batting: RHB Luwen Storm 0-0: Ball
1-0: Foul Ball, location: 2F
1-1: SINGLE (Groundball, 6MD, EV 101.9 MPH)
Batting: RHB Steve Martin 0-0: Ball
1-0: Ball
Luwen Storm steals 2nd base
2-0: Called Strike
2-1: Swinging Strike
2-2: Foul Ball, location: 2F
2-2: Fly out, F9 (Flyball, 9D, EV 80.0 MPH)
Runner from 2nd tags up, SAFE at 3rd, no throw by RF
Batting: LHB Roald Jacobs 0-0: Ground out 4-3 (Groundball, 4, EV 85.0 MPH)
Luwen Storm scores
Batting: RHB Andres Valles 0-0: SOLO HOME RUN (Flyball, 7D, EV 95.6 MPH), Distance : 385 ft
Batting: LHB Tatsuo Yasui 0-0: Ball
1-0: Called Strike
1-1: Foul Ball, location: 2F
1-2: Ball
2-2: Foul Ball, location: 2F
2-2: Strikes out swinging
Top of the 1st over - 2 runs, 2 hits, 0 errors, 0 left on base; Staten Island 2 - Mahoning Valley 0
BOTTOM OF THE 1ST
Mahoning Valley Scrappers batting - Pitching for Staten Island Yankees : RHP Gustav Kleber
Pitching: RHP Gustav Kleber
Batting: LHB John Harring 0-0: Swinging Strike
0-1: Swinging Strike
0-2: Strikes out swinging
Batting: RHB Juan Padilla 0-0: SINGLE (Groundball, 34D, EV 97.5 MPH)
Batting: RHB Ryan Gautney 0-0: Ball
1-0: SINGLE (Line Drive, 7S, EV 104.4 MPH)
Juan Padilla to second
Batting: SHB Joe Zeiset 0-0: Foul Ball, location: 2F
0-1: Ball
1-1: Ball
2-1: Foul Ball, location: 2F
2-2: Ball
Wild Pitch!
Juan Padilla to third
Ryan Gautney to second
3-2: Strikes out looking
Batting: LHB Devon Grant 0-0: Foul Ball, location: 2F
0-1: Foul Ball, location: 2F
0-2: Strikes out looking
Bottom of the 1st over - 0 runs, 2 hits, 0 errors, 2 left on base; Staten Island 2 - Mahoning Valley 0
TOP OF THE 2ND
Staten Island Yankees batting - Pitching for Mahoning Valley Scrappers : RHP Paul Lewis
Batting: RHB Chris Diaz 0-0: Ground out 5-3 (Groundball, 56S, EV 75.6 MPH)
Batting: LHB Mario Hurtado 0-0: Called Strike
0-1: Swinging Strike
0-2: Foul Ball, location: 2F
0-2: Ball
1-2: Ground out 5-3 (Groundball, 56S, EV 93.8 MPH)
Batting: LHB Alex Genao 0-0: Foul Ball, location: 2F
0-1: Ground out 5-3 (Groundball, 5, EV 92.5 MPH)
Top of the 2nd over - 0 runs, 0 hits, 0 errors, 0 left on base; Staten Island 2 - Mahoning Valley 0
BOTTOM OF THE 2ND
Mahoning Valley Scrappers batting - Pitching for Staten Island Yankees : RHP Gustav Kleber
Batting: RHB Andy Lewis 0-0: Ball
1-0: Ball
2-0: Ball
3-0: Called Strike
3-1: SINGLE (Flyball, 4D, EV 88.8 MPH)
Batting: RHB Blake Kelly 0-0: Called Strike
0-1: Swinging Strike
0-2: Ball
1-2: Strikes out swinging
Batting: RHB Gashie Chimsima 0-0: Ball
1-0: Ball
2-0: Foul Ball, location: 2F
2-1: Called Strike
2-2: Foul Ball, location: 2F
Balk!
Andy Lewis to second
2-2: Ball
3-2: Fly out, F5 (Line Drive, 5, EV 65.0 MPH)
Batting: RHB Jeremy Givens 0-0: Fly out, F8 (Flyball, 8RD, EV 85.6 MPH)
Bottom of the 2nd over - 0 runs, 1 hit, 0 errors, 1 left on base; Staten Island 2 - Mahoning Valley 0
TOP OF THE 3RD
Staten Island Yankees batting - Pitching for Mahoning Valley Scrappers : RHP Paul Lewis
Batting: SHB Victor Martinez 0-0: Ground out 6-3 (Groundball, 6, EV 100.0 MPH)
Batting: RHB Luwen Storm 0-0: Called Strike
0-1: Ground out 5-3 (Groundball, 56, EV 103.1 MPH)
Batting: RHB Steve Martin 0-0: Fly out, F8 (Flyball, 8LM, EV 88.1 MPH)
Top of the 3rd over - 0 runs, 0 hits, 0 errors, 0 left on base; Staten Island 2 - Mahoning Valley 0
BOTTOM OF THE 3RD
Mahoning Valley Scrappers batting - Pitching for Staten Island Yankees : RHP Gustav Kleber
Batting: LHB John Harring 0-0: SINGLE (Groundball, 23, EV 65.6 MPH) (infield hit)
Batting: RHB Juan Padilla 0-0: Ball
John Harring steals 2nd base
1-0: Ball
John Harring steals 3rd base
2-0: Ground out 4-3 (Groundball, 4, EV 85.0 MPH)
John Harring scores
Batting: RHB Ryan Gautney 0-0: Ground out 6-3 (Groundball, 6M, EV 78.8 MPH)
Batting: SHB Joe Zeiset 0-0: Ball
1-0: Ball
2-0: Called Strike
2-1: Ball
3-1: Called Strike
3-2: Strikes out swinging
Bottom of the 3rd over - 1 run, 1 hit, 0 errors, 0 left on base; Staten Island 2 - Mahoning Valley 1
TOP OF THE 4TH
Staten Island Yankees batting - Pitching for Mahoning Valley Scrappers : RHP Paul Lewis
Batting: LHB Roald Jacobs 0-0: Ball
1-0: Ball
2-0: Called Strike
2-1: Called Strike
2-2: Foul Ball, location: 2F
2-2: Ball
3-2: Strikes out looking
Batting: RHB Andres Valles 0-0: Foul Ball, location: 2F
0-1: Ground out 5-3 (Groundball, 56S, EV 88.8 MPH)
Batting: LHB Tatsuo Yasui 0-0: Called Strike
0-1: Foul Ball, location: 2F
0-2: Ball
1-2: SOLO HOME RUN (Flyball, 89XD, EV 106.3 MPH), Distance : 410 ft
Batting: RHB Chris Diaz 0-0: Ball
1-0: Ground out 6-3 (Groundball, 4M, EV 83.1 MPH)
Top of the 4th over - 1 run, 1 hit, 0 errors, 0 left on base; Staten Island 3 - Mahoning Valley 1
BOTTOM OF THE 4TH
Mahoning Valley Scrappers batting - Pitching for Staten Island Yankees : RHP Gustav Kleber
Batting: LHB Devon Grant 0-0: Foul Ball, location: 2F
0-1: Ball
1-1: Swinging Strike
1-2: Foul Ball, location: 2F
1-2: Strikes out looking
Batting: RHB Andy Lewis 0-0: Swinging Strike
0-1: Called Strike
0-2: Foul Ball, location: 2F
0-2: Ball
1-2: Ball
2-2: Strikes out swinging
Batting: RHB Blake Kelly 0-0: Foul Ball, location: 2F
0-1: Ball
1-1: Ball
2-1: Ball
3-1: Foul Ball, location: 2F
3-2: Base on Balls
Batting: RHB Gashie Chimsima 0-0: Ball
1-0: Ground out U3 (Groundball, 3L, EV 111.9 MPH)
Bottom of the 4th over - 0 runs, 0 hits, 0 errors, 1 left on base; Staten Island 3 - Mahoning Valley 1
TOP OF THE 5TH
Staten Island Yankees batting - Pitching for Mahoning Valley Scrappers : RHP Paul Lewis
Batting: LHB Mario Hurtado 0-0: Ball
1-0: TRIPLE (Line Drive, 78XD, EV 105.6 MPH)
Batting: LHB Alex Genao 0-0: Ball
1-0: Foul Ball, location: 2F
1-1: Ball
2-1: Foul Ball, location: 2F
2-2: Foul Ball, location: 2F
2-2: Foul Ball, location: 2F
2-2: Ball
3-2: Foul Ball, location: 2F
3-2: Strikes out swinging
Batting: SHB Victor Martinez 0-0: Called Strike
0-1: Ball
Passed Ball!
Mario Hurtado scores
1-1: Swinging Strike
1-2: Strikes out swinging
Batting: RHB Luwen Storm 0-0: Ground out 6-3 (Groundball, 6S, EV 93.8 MPH)
Top of the 5th over - 1 run, 1 hit, 0 errors, 0 left on base; Staten Island 4 - Mahoning Valley 1
BOTTOM OF THE 5TH
Mahoning Valley Scrappers batting - Pitching for Staten Island Yankees : RHP Gustav Kleber
Batting: RHB Jeremy Givens 0-0: Ball
1-0: Ball
2-0: Ball
3-0: Called Strike
3-1: Base on Balls
Batting: LHB John Harring 0-0: Ball
1-0: Called Strike
1-1: Ball
2-1: Swinging Strike
2-2: Strikes out swinging
Batting: RHB Juan Padilla 0-0: Ball
1-0: Called Strike
1-1: SINGLE (Line Drive, 56D, EV 94.4 MPH)
Jeremy Givens to second
Batting: RHB Ryan Gautney 0-0: Ball
Jeremy Givens steals 3rd base
1-0: Called Strike
1-1: Called Strike
1-2: Fly out, F3 (Popup, 3F, EV 80.0 MPH)
Batting: SHB Joe Zeiset 0-0: Ball
1-0: Foul Ball, location: 2F
1-1: Ground out 4-3 (Groundball, 34, EV 81.3 MPH)
Bottom of the 5th over - 0 runs, 1 hit, 0 errors, 2 left on base; Staten Island 4 - Mahoning Valley 1
TOP OF THE 6TH
Staten Island Yankees batting - Pitching for Mahoning Valley Scrappers : RHP Paul Lewis
Batting: RHB Steve Martin 0-0: Foul Ball, location: 2F
0-1: Swinging Strike
0-2: Ball
1-2: Foul Ball, location: 2F
1-2: Foul Ball, location: 2F
1-2: Ball
2-2: Foul Ball, location: 2F
2-2: SINGLE (Line Drive, 8LS, EV 106.3 MPH)
Batting: LHB Roald Jacobs 0-0: Ball
1-0: Called Strike
Steve Martin steals 2nd base
1-1: Ball
2-1: DOUBLE (Line Drive, 89XD, EV 99.4 MPH)
Steve Martin scores
Pitching: LHP J.J. Adkins
Batting: RHB Andres Valles 0-0: Called Strike
0-1: Swinging Strike
0-2: Strikes out swinging
Batting: LHB Tatsuo Yasui 0-0: Called Strike
Roald Jacobs steals 3rd base
0-1: Foul Ball, location: 2F
0-2: DOUBLE (Line Drive, 7LM, EV 102.5 MPH)
Roald Jacobs scores
Batting: RHB Chris Diaz 0-0: SINGLE (Line Drive, 9S, EV 113.1 MPH)
Tatsuo Yasui to third
Batting: LHB Mario Hurtado 0-0: Called Strike
0-1: Called Strike
0-2: Grounds into double play, 6-4-3 (Groundball, 6M, EV 84.4 MPH)
Top of the 6th over - 2 runs, 4 hits, 0 errors, 1 left on base; Staten Island 6 - Mahoning Valley 1
BOTTOM OF THE 6TH
Mahoning Valley Scrappers batting - Pitching for Staten Island Yankees : RHP Gustav Kleber
Batting: LHB Devon Grant 0-0: Foul Ball, location: 2F
0-1: Swinging Strike
0-2: Strikes out looking
Batting: RHB Andy Lewis 0-0: Ground out 4-3 (Groundball, 34, EV 104.4 MPH)
Batting: RHB Blake Kelly 0-0: Fly out, F9 (Flyball, 89M, EV 88.1 MPH)
Bottom of the 6th over - 0 runs, 0 hits, 0 errors, 0 left on base; Staten Island 6 - Mahoning Valley 1
TOP OF THE 7TH
Staten Island Yankees batting - Pitching for Mahoning Valley Scrappers : LHP J.J. Adkins
Batting: LHB Alex Genao 0-0: Called Strike
0-1: Called Strike
0-2: SINGLE (Groundball, 34D, EV 108.8 MPH) (infield hit)
Batting: SHB Victor Martinez 0-0: Foul Ball, location: 2F
0-1: Foul Ball, location: 2F
0-2: Foul Ball, location: 2F
0-2: Strikes out swinging
Batting: RHB Luwen Storm 0-0: Ball
1-0: Foul Ball, location: 2F
1-1: Foul Ball, location: 2F
1-2: Ball
2-2: Ball
Pickoff Throw to First - Error! E1
Alex Genao to second
3-2: Fly out, F9 (Flyball, 9LM, EV 101.3 MPH)
Runner from 2nd tags up, SAFE at 3rd, no throw by RF
Batting: RHB Steve Martin 0-0: Foul Ball, location: 2F
0-1: Swinging Strike
0-2: Ball
1-2: Foul Ball, location: 2F
1-2: Ball
2-2: Strikes out swinging
Top of the 7th over - 0 runs, 1 hit, 1 error, 1 left on base; Staten Island 6 - Mahoning Valley 1
BOTTOM OF THE 7TH
Mahoning Valley Scrappers batting - Pitching for Staten Island Yankees : RHP Gustav Kleber
Batting: RHB Gashie Chimsima 0-0: Called Strike
0-1: Called Strike
0-2: Strikes out swinging
Batting: RHB Jeremy Givens 0-0: Ball
1-0: Foul Ball, location: 2F
1-1: Foul Ball, location: 2F
1-2: Strikes out looking
Batting: LHB John Harring 0-0: Called Strike
0-1: Called Strike
0-2: Ball
1-2: Foul Ball, location: 2F
1-2: Ball
2-2: Ball
3-2: Base on Balls
Pitching: RHP Nick Schweer
Batting: RHB Juan Padilla 0-0: Ground out 4-3 (Groundball, 4, EV 100.6 MPH)
Bottom of the 7th over - 0 runs, 0 hits, 0 errors, 1 left on base; Staten Island 6 - Mahoning Valley 1
TOP OF THE 8TH
Staten Island Yankees batting - Pitching for Mahoning Valley Scrappers : LHP J.J. Adkins
Batting: LHB Roald Jacobs 0-0: Swinging Strike
0-1: Ball
1-1: Ball
2-1: Ball
3-1: Called Strike
3-2: Foul Ball, location: 2F
3-2: Strikes out swinging
Batting: RHB Andres Valles 0-0: Ground out 3-1 (Groundball, 34, EV 91.3 MPH)
Batting: LHB Tatsuo Yasui 0-0: Called Strike
0-1: Called Strike
0-2: Foul Ball, location: 2F
0-2: Ground out 6-3 (Groundball, 6, EV 110.6 MPH)
Top of the 8th over - 0 runs, 0 hits, 0 errors, 0 left on base; Staten Island 6 - Mahoning Valley 1
BOTTOM OF THE 8TH
Mahoning Valley Scrappers batting - Pitching for Staten Island Yankees : RHP Nick Schweer
Pitching: RHP Dave Valentin
Batting: RHB Ryan Gautney 0-0: Called Strike
0-1: Swinging Strike
0-2: Strikes out looking
Batting: SHB Joe Zeiset 0-0: Ball
1-0: Ball
2-0: Ground out 5-3 (Groundball, 56, EV 83.8 MPH)
Batting: LHB Devon Grant 0-0: Foul Ball, location: 2F
0-1: Ground out 4-3 (Groundball, 4S, EV 86.9 MPH)
Bottom of the 8th over - 0 runs, 0 hits, 0 errors, 0 left on base; Staten Island 6 - Mahoning Valley 1
TOP OF THE 9TH
Staten Island Yankees batting - Pitching for Mahoning Valley Scrappers : LHP J.J. Adkins
Batting: RHB Chris Diaz 0-0: Ball
1-0: Called Strike
1-1: Ball
2-1: SOLO HOME RUN (Flyball, 7D, EV 98.8 MPH), Distance : 383 ft
Batting: LHB Mario Hurtado 0-0: Called Strike
0-1: Ball
1-1: Foul Ball, location: 2F
1-2: Foul Ball, location: 2F
1-2: Ball
2-2: Ball
3-2: Strikes out swinging
Pitching: RHP Mario del Rio
Batting: LHB Alex Genao 0-0: Called Strike
0-1: Ball
1-1: Ball
2-1: Swinging Strike
2-2: Foul Ball, location: 2F
2-2: Strikes out swinging
Batting: SHB Victor Martinez 0-0: Ball
1-0: Called Strike
1-1: Called Strike
1-2: Ball
2-2: Ground out U3 (Groundball, 13, EV 86.9 MPH)
Top of the 9th over - 1 run, 1 hit, 0 errors, 0 left on base; Staten Island 7 - Mahoning Valley 1
BOTTOM OF THE 9TH
Mahoning Valley Scrappers batting - Pitching for Staten Island Yankees : RHP Dave Valentin
Batting: RHB Andy Lewis 0-0: Ground out 6-3 (Groundball, 6, EV 106.3 MPH)
Batting: RHB Blake Kelly 0-0: Ball
1-0: Called Strike
1-1: Fly out, F7 (Flyball, 7D, EV 97.5 MPH)
Batting: RHB Gashie Chimsima 0-0: Ground out 6-3 (Groundball, 6, EV 90.6 MPH)
Bottom of the 9th over - 0 runs, 0 hits, 0 errors, 0 left on base; Staten Island 7 - Mahoning Valley 1
Thursday, March 31st , 2022 - OOTP Baseball 22.12 Build 89